TOP OF THE 1ST |
San Francisco (WIN) Giants batting - Pitching for Miami (WIN) Marlins : RHP Chris Nickerson
|
Pitching: RHP Chris Nickerson
|
|
Batting: RHB Miguel Gonzalez
|
0-0: Swinging Strike 0-1: Called Strike 0-2: Strikes out swinging
|
Batting: LHB Alexis Cantu
|
0-0: Ball 1-0: Called Strike 1-1: Ball 2-1: Called Strike 2-2: Foul Ball, location: 2F 2-2: Ball 3-2: Strikes out swinging
|
Batting: LHB Carey Horncole
|
0-0: Swinging Strike 0-1: Called Strike 0-2: Ball 1-2: Foul Ball, location: 2F 1-2: Ball 2-2: SINGLE (Groundball, 5S, EV 62.5 MPH) (infield hit)
|
Batting: LHB Pat Aviles
|
0-0: Called Strike 0-1: Ball 1-1: Ball 2-1: Swinging Strike 2-2: Fly out, F8 (Line Drive, 8RD, EV 95.0 MPH)
|
Top of the 1st over - 0 runs, 1 hit, 0 errors, 1 left on base; San Francisco (WIN) 0 - Miami (WIN) 0 |
BOTTOM OF THE 1ST |
Miami (WIN) Marlins batting - Pitching for San Francisco (WIN) Giants : RHP John Delaney
|
Pitching: RHP John Delaney
|
|
Batting: RHB Mike Gar
|
0-0: Called Strike 0-1: Ball 1-1: Ball 2-1: Foul Ball, location: 2F 2-2: Fly out, F9 (Flyball, 9, EV 98.8 MPH)
|
Batting: RHB Boof Howell
|
0-0: Called Strike 0-1: Fly out, F8 (Flyball, 8LM, EV 81.2 MPH)
|
Batting: RHB Tony Stedman
|
0-0: Ball 1-0: Swinging Strike 1-1: Foul Ball, location: 2F 1-2: Foul Ball, location: 2F 1-2: Ball 2-2: Ball 3-2: Strikes out swinging
|
Bottom of the 1st over - 0 runs, 0 hits, 0 errors, 0 left on base; San Francisco (WIN) 0 - Miami (WIN) 0 |
TOP OF THE 2ND |
San Francisco (WIN) Giants batting - Pitching for Miami (WIN) Marlins : RHP Chris Nickerson
|
Batting: RHB Chris King
|
0-0: Swinging Strike 0-1: Ground out 4-3 (Groundball, 4, EV 100.6 MPH)
|
Batting: RHB Dave Crouch
|
0-0: Called Strike 0-1: Ball 1-1: Ball 2-1: Ground out U3 (Groundball, 3S, EV 87.5 MPH)
|
Batting: RHB Justin Baldwin
|
0-0: Fly out, F9 (Flyball, 9, EV 91.9 MPH)
|
Top of the 2nd over - 0 runs, 0 hits, 0 errors, 0 left on base; San Francisco (WIN) 0 - Miami (WIN) 0 |
BOTTOM OF THE 2ND |
Miami (WIN) Marlins batting - Pitching for San Francisco (WIN) Giants : RHP John Delaney
|
Batting: LHB Luis Magdaleno
|
0-0: Called Strike 0-1: Called Strike 0-2: Ball 1-2: Fly out, F4 (Line Drive, 4D, EV 70.0 MPH)
|
Batting: RHB Willie Chavez
|
0-0: SOLO HOME RUN (Flyball, 89XD, EV 96.2 MPH), Distance : 394 ft
|
Batting: LHB David Doge
|
0-0: Ball 1-0: Foul Ball, location: 2F 1-1: SINGLE (Groundball, 34D, EV 93.8 MPH)
|
Batting: RHB Rick Fell
|
0-0: Called Strike 0-1: Swinging Strike 0-2: Foul Ball, location: 2F 0-2: Fly out, F8 (Flyball, 78D, EV 95.0 MPH)
|
Batting: LHB Chris Jonas
|
0-0: Foul Ball, location: 2F 0-1: Ball 1-1: Foul Ball, location: 2F 1-2: Strikes out swinging
|
Bottom of the 2nd over - 1 run, 2 hits, 0 errors, 1 left on base; San Francisco (WIN) 0 - Miami (WIN) 1 |
TOP OF THE 3RD |
San Francisco (WIN) Giants batting - Pitching for Miami (WIN) Marlins : RHP Chris Nickerson
|
Batting: LHB Josh Straub
|
0-0: Called Strike 0-1: Fly out, F8 (Line Drive, 8LS, EV 96.2 MPH)
|
Batting: RHB Mike Jones
|
0-0: Ball 1-0: Reached on error, E5 (Groundball, 56, EV 107.5 MPH)
|
Batting: RHB Miguel Gonzalez
|
0-0: Called Strike 0-1: Grounds into double play, 5-4-3 (Groundball, 56, EV 76.9 MPH)
|
Top of the 3rd over - 0 runs, 0 hits, 1 error, 0 left on base; San Francisco (WIN) 0 - Miami (WIN) 1 |
BOTTOM OF THE 3RD |
Miami (WIN) Marlins batting - Pitching for San Francisco (WIN) Giants : RHP John Delaney
|
Batting: RHB Gavin Helton
|
0-0: Ball 1-0: Foul Ball, location: 2F 1-1: SINGLE (Line Drive, 7S, EV 93.8 MPH)
|
Batting: RHB Mike Gar
|
0-0: Ball 1-0: Ball 2-0: Ball 3-0: Base on Balls Gavin Helton to second
|
Batting: RHB Boof Howell
|
0-0: Called Strike 0-1: Ball 1-1: Ball 2-1: Ball 3-1: Foul Ball, location: 2F 3-2: Foul Ball, location: 2F 3-2: Base on Balls Gavin Helton to third Mike Gar to second
|
Batting: RHB Tony Stedman
|
0-0: Fielders Choice at 2nd, 3-6 (Groundball, 34, EV 97.5 MPH) Gavin Helton scores Mike Gar to third
|
Batting: LHB Luis Magdaleno
|
0-0: Ground out U3 (Groundball, 3S, EV 66.2 MPH) Mike Gar scores Tony Stedman to second
|
Batting: RHB Willie Chavez
|
0-0: Called Strike Tony Stedman steals 3rd base 0-1: SINGLE (Groundball, 6MD, EV 97.5 MPH) Tony Stedman scores
|
Batting: LHB David Doge
|
0-0: Foul Ball, location: 2F 0-1: Fly out, F9 (Line Drive, 9S, EV 88.8 MPH)
|
Bottom of the 3rd over - 3 runs, 2 hits, 0 errors, 1 left on base; San Francisco (WIN) 0 - Miami (WIN) 4 |
TOP OF THE 4TH |
San Francisco (WIN) Giants batting - Pitching for Miami (WIN) Marlins : RHP Chris Nickerson
|
Batting: LHB Alexis Cantu
|
0-0: Called Strike 0-1: Swinging Strike 0-2: Strikes out swinging
|
Batting: LHB Carey Horncole
|
0-0: Ball 1-0: Ball 2-0: Ball 3-0: Called Strike 3-1: Base on Balls
|
Batting: LHB Pat Aviles
|
0-0: Ball 1-0: Ball Carey Horncole steals 2nd base 2-0: Called Strike 2-1: Fly out, F7 (Line Drive, 7LM, EV 94.4 MPH)
|
Batting: RHB Chris King
|
0-0: Ball 1-0: Fly out, F7 (Flyball, 7S, EV 89.4 MPH)
|
Top of the 4th over - 0 runs, 0 hits, 0 errors, 1 left on base; San Francisco (WIN) 0 - Miami (WIN) 4 |
BOTTOM OF THE 4TH |
Miami (WIN) Marlins batting - Pitching for San Francisco (WIN) Giants : RHP John Delaney
|
Batting: RHB Rick Fell
|
0-0: Called Strike 0-1: Foul Ball, location: 2F 0-2: Ball 1-2: Foul Ball, location: 2F 1-2: Ground out 6-3 (Groundball, 6, EV 85.0 MPH)
|
Batting: LHB Chris Jonas
|
0-0: Ground out 4-3 (Groundball, 4D, EV 84.4 MPH)
|
Batting: RHB Gavin Helton
|
0-0: Ball 1-0: Ball 2-0: Foul Ball, location: 2F 2-1: Called Strike 2-2: Strikes out looking
|
Bottom of the 4th over - 0 runs, 0 hits, 0 errors, 0 left on base; San Francisco (WIN) 0 - Miami (WIN) 4 |
TOP OF THE 5TH |
San Francisco (WIN) Giants batting - Pitching for Miami (WIN) Marlins : RHP Chris Nickerson
|
Batting: RHB Dave Crouch
|
0-0: Called Strike 0-1: Swinging Strike 0-2: Ball 1-2: Foul Ball, location: 2F 1-2: Strikes out swinging
|
Batting: RHB Justin Baldwin
|
0-0: Foul Ball, location: 2F 0-1: Ball 1-1: Ball 2-1: Called Strike 2-2: Ball 3-2: Foul Ball, location: 2F 3-2: Fly out, F9 (Flyball, 89M, EV 93.1 MPH)
|
Batting: LHB Josh Straub
|
0-0: Ball 1-0: Foul Ball, location: 2F 1-1: Foul Ball, location: 2F 1-2: Foul Ball, location: 2F 1-2: Strikes out swinging
|
Top of the 5th over - 0 runs, 0 hits, 0 errors, 0 left on base; San Francisco (WIN) 0 - Miami (WIN) 4 |
BOTTOM OF THE 5TH |
Miami (WIN) Marlins batting - Pitching for San Francisco (WIN) Giants : RHP John Delaney
|
Batting: RHB Mike Gar
|
0-0: Swinging Strike 0-1: Ball 1-1: SINGLE (Groundball, 6S, EV 68.8 MPH) (infield hit)
|
Batting: RHB Boof Howell
|
0-0: Called Strike 0-1: Ball 1-1: Foul Ball, location: 2F 1-2: Strikes out swinging
|
Batting: RHB Tony Stedman
|
0-0: Called Strike 0-1: SINGLE (Flyball, 34D, EV 86.9 MPH) Mike Gar to second
|
Batting: LHB Luis Magdaleno
|
0-0: Fly out, F5 (Line Drive, 56, EV 65.0 MPH)
|
Batting: RHB Willie Chavez
|
0-0: Ball 1-0: Called Strike 1-1: SINGLE (Groundball, 6MD, EV 101.9 MPH) Mike Gar to third Tony Stedman to second Runner from 3rd tries for Home, SAFE, throw by CF to home
|
Pitching: RHP Rich Benoit
|
|
Batting: LHB David Doge
|
0-0: Ball 1-0: Ground out 4-3 (Groundball, 4, EV 87.5 MPH)
|
Bottom of the 5th over - 1 run, 3 hits, 0 errors, 2 left on base; San Francisco (WIN) 0 - Miami (WIN) 5 |
TOP OF THE 6TH |
San Francisco (WIN) Giants batting - Pitching for Miami (WIN) Marlins : RHP Chris Nickerson
|
Batting: RHB Mike Jones
|
0-0: SINGLE (Line Drive, 9S, EV 93.8 MPH)
|
Batting: RHB Miguel Gonzalez
|
0-0: Ball 1-0: Foul Ball, location: 2F 1-1: Foul Ball, location: 2F 1-2: Strikes out swinging
|
Batting: LHB Alexis Cantu
|
0-0: Ball 1-0: Ball 2-0: Swinging Strike 2-1: Swinging Strike 2-2: Ball 3-2: Strikes out looking
|
Batting: LHB Carey Horncole
|
0-0: Called Strike 0-1: Fly out, F3 (Popup, 34S, EV 80.6 MPH)
|
Top of the 6th over - 0 runs, 1 hit, 0 errors, 1 left on base; San Francisco (WIN) 0 - Miami (WIN) 5 |
BOTTOM OF THE 6TH |
Miami (WIN) Marlins batting - Pitching for San Francisco (WIN) Giants : RHP Rich Benoit
|
Batting: RHB Rick Fell
|
0-0: Ball 1-0: Ball 2-0: Ball 3-0: Called Strike 3-1: Base on Balls
|
Batting: LHB Chris Jonas
|
0-0: Ball 1-0: Swinging Strike 1-1: Swinging Strike 1-2: SINGLE (Line Drive, 7S, EV 108.1 MPH) Rick Fell to second
|
Batting: RHB Gavin Helton
|
0-0: Ball 1-0: Fly out, F8 (Flyball, 8RD, EV 103.1 MPH)
|
Batting: RHB Mike Gar
|
0-0: Foul Ball, location: 2F 0-1: Fly out, F9 (Flyball, 89S, EV 88.8 MPH)
|
Batting: RHB Boof Howell
|
0-0: Swinging Strike 0-1: Foul Ball, location: 2F 0-2: Ball 1-2: Foul Ball, location: 2F 1-2: Ball Wild Pitch! Rick Fell to third Chris Jonas to second 2-2: SINGLE (Groundball, 6MD, EV 105.0 MPH) (infield hit) Rick Fell scores Chris Jonas to third
|
Batting: RHB Tony Stedman
|
0-0: 3-RUN HOME RUN (Flyball, 9D, EV 98.1 MPH), Distance : 355 ft
|
Batting: LHB Luis Magdaleno
|
0-0: Called Strike 0-1: Called Strike 0-2: TRIPLE (Line Drive, 78XD, EV 110.6 MPH)
|
Batting: RHB Willie Chavez
|
0-0: Ball 1-0: Fly out, F8 (Flyball, 8RD, EV 81.2 MPH)
|
Bottom of the 6th over - 4 runs, 4 hits, 0 errors, 1 left on base; San Francisco (WIN) 0 - Miami (WIN) 9 |
TOP OF THE 7TH |
San Francisco (WIN) Giants batting - Pitching for Miami (WIN) Marlins : RHP Chris Nickerson
|
Batting: LHB Pat Aviles
|
0-0: Called Strike 0-1: Ball 1-1: Called Strike 1-2: Foul Ball, location: 2F 1-2: Foul Ball, location: 2F 1-2: Strikes out looking
|
Batting: RHB Chris King
|
0-0: Called Strike 0-1: Foul Ball, location: 2F 0-2: Foul Ball, location: 2F 0-2: Hit by Pitch
|
Batting: RHB Dave Crouch
|
0-0: DOUBLE (Line Drive, 89D, EV 98.8 MPH) Chris King to third Runner from 3rd tries for Home, SAFE, no throw by CF
|
Batting: RHB Justin Baldwin
|
0-0: Ball 1-0: Foul Ball, location: 2F 1-1: Foul Ball, location: 2F 1-2: Fly out, F8 (Line Drive, 89M, EV 94.4 MPH)
|
Batting: LHB Josh Straub
|
0-0: Swinging Strike 0-1: Foul Ball, location: 2F 0-2: DOUBLE (Line Drive, 7LD, EV 110.6 MPH) Dave Crouch scores
|
Batting: RHB Mike Jones
|
0-0: Called Strike 0-1: Fly out, F8 (Flyball, 8LD, EV 88.1 MPH)
|
Top of the 7th over - 2 runs, 2 hits, 0 errors, 1 left on base; San Francisco (WIN) 2 - Miami (WIN) 9 |
BOTTOM OF THE 7TH |
Miami (WIN) Marlins batting - Pitching for San Francisco (WIN) Giants : RHP Rich Benoit
|
Batting: LHB David Doge
|
0-0: Called Strike 0-1: Foul Ball, location: 2F 0-2: Strikes out swinging
|
Batting: RHB Rick Fell
|
0-0: Swinging Strike 0-1: Foul Ball, location: 2F 0-2: Ball 1-2: Foul Ball, location: 2F 1-2: Ball 2-2: SINGLE (Line Drive, 9LS, EV 88.8 MPH)
|
Batting: LHB Chris Jonas
|
0-0: Called Strike 0-1: Ball 1-1: Ball 2-1: Ball 3-1: Base on Balls Rick Fell to second
|
Batting: RHB Gavin Helton
|
0-0: Swinging Strike 0-1: Grounds into double play, 4-6-3 (Groundball, 4, EV 90.0 MPH)
|
Bottom of the 7th over - 0 runs, 1 hit, 0 errors, 1 left on base; San Francisco (WIN) 2 - Miami (WIN) 9 |
TOP OF THE 8TH |
San Francisco (WIN) Giants batting - Pitching for Miami (WIN) Marlins : RHP Chris Nickerson
|
Batting: RHB Miguel Gonzalez
|
0-0: Foul Ball, location: 2F 0-1: Ball 1-1: Foul Ball, location: 2F 1-2: Strikes out swinging
|
Pitching: RHP Earl Shepherd
|
|
Batting: LHB Alexis Cantu
|
0-0: Fly out, F6 (Line Drive, 6, EV 71.2 MPH)
|
Batting: LHB Carey Horncole
|
0-0: Foul Ball, location: 2F 0-1: Foul Ball, location: 2F 0-2: Ball 1-2: Ball 2-2: SINGLE (Line Drive, 6MD, EV 97.5 MPH)
|
Batting: LHB Pat Aviles
|
0-0: Ball 1-0: Called Strike 1-1: Called Strike 1-2: Strikes out looking
|
Top of the 8th over - 0 runs, 1 hit, 0 errors, 1 left on base; San Francisco (WIN) 2 - Miami (WIN) 9 |
BOTTOM OF THE 8TH |
Miami (WIN) Marlins batting - Pitching for San Francisco (WIN) Giants : RHP Rich Benoit
|
Batting: RHB Mike Gar
|
0-0: Ball 1-0: Foul Ball, location: 2F 1-1: Foul Ball, location: 2F 1-2: Foul Ball, location: 2F 1-2: Fly out, F8 (Flyball, 8RXD, EV 82.5 MPH)
|
Batting: RHB Boof Howell
|
0-0: Ball 1-0: Ball 2-0: Ball 3-0: Called Strike 3-1: Called Strike 3-2: Foul Ball, location: 2F 3-2: Foul Ball, location: 2F 3-2: Base on Balls
|
Pitching: RHP Tadesse Karume
|
|
Batting: RHB Tony Stedman
|
0-0: Ball 1-0: Ball 2-0: Called Strike 2-1: Ball 3-1: Reached on error, E7 (Flyball, 7LS, EV 91.2 MPH) Boof Howell to second
|
Batting: LHB Luis Magdaleno
|
0-0: Called Strike 0-1: Foul Ball, location: 2F 0-2: Ball 1-2: Ball 2-2: SINGLE (Groundball, 5D, EV 108.8 MPH) Boof Howell to third Tony Stedman to second
|
Batting: RHB Willie Chavez
|
0-0: Ball 1-0: Called Strike 1-1: Swinging Strike 1-2: Strikes out swinging
|
Batting: LHB David Doge
|
0-0: Ball 1-0: DOUBLE (Line Drive, 7LM, EV 104.4 MPH) Boof Howell scores Tony Stedman scores Luis Magdaleno to third Runner from 3rd tries for Home, SAFE, throw by LF to trailing runner, SAFE at third!
|
Batting: RHB Rick Fell
|
0-0: Ball 1-0: Ball 2-0: Called Strike 2-1: Ball 3-1: Foul Ball, location: 2F 3-2: Foul Ball, location: 2F 3-2: Base on Balls
|
Batting: LHB Chris Jonas
|
0-0: Called Strike 0-1: Called Strike 0-2: Ball 1-2: Ball 2-2: Strikes out swinging
|
Bottom of the 8th over - 3 runs, 2 hits, 1 error, 2 left on base; San Francisco (WIN) 2 - Miami (WIN) 12 |
TOP OF THE 9TH |
San Francisco (WIN) Giants batting - Pitching for Miami (WIN) Marlins : RHP Earl Shepherd
|
Batting: RHB Chris King
|
0-0: Called Strike 0-1: SINGLE (Groundball, 6MD, EV 94.4 MPH)
|
Batting: RHB Dave Crouch
|
0-0: Swinging Strike 0-1: Fly out, F9 (Flyball, 9S, EV 88.8 MPH)
|
Batting: RHB Justin Baldwin
|
0-0: Swinging Strike 0-1: Ball 1-1: Ball 2-1: Called Strike 2-2: Strikes out looking
|
Pinch Hitting: LHB Jared Paige
|
0-0: Called Strike 0-1: Ball 1-1: Foul Ball, location: 2F 1-2: Foul Ball, location: 2F 1-2: Foul Ball, location: 2F 1-2: Ball 2-2: Ball 3-2: Foul Ball, location: 2F 3-2: Strikes out looking
|
Top of the 9th over - 0 runs, 1 hit, 0 errors, 1 left on base; San Francisco (WIN) 2 - Miami (WIN) 12 |
|